 Dungeon Crawl Stone Soup version 0.25-a0-464-g3004169c2b (webtiles) character file.

Game seed: 9603275088331312080, levelgen mode: deterministic

44626 ReteAZ the Severer (level 13, -1/116 HPs)
             Began as a Minotaur Fighter on Feb 5, 2020.
             Was the Champion of Okawaru.
             Slain by a seven-headed hydra (2 damage)
             ... while petrified by you
             ... on level 5 of the Lair of Beasts.
             The game lasted 00:28:00 (18876 turns).

ReteAZ the Severer (Minotaur Fighter)              Turns: 18876, Time: 00:28:01

Health: -1/116     AC: 17    Str: 26    XL:     13   Next: 97%
Magic:  19/19      EV:  2    Int:  5    God:    Okawaru [******]
Gold:   741        SH:  0    Dex: 10    Spells: 12/12 levels left

rFire    + + +     SeeInvis +   E - +6 broad axe (flame)
rCold    + + .     Gourm    .   c - +1 shield
rNeg     + + +     Faith    .   D - +7 leather armour of Derchoa {*Drain rElec rF+++ Stlth+}
rPois    ∞         Spirit   .   (helmet restricted)
rElec    +         Reflect  +   g - scarf {rC+ rF+}
rCorr    +         Harm     .   F - +0 pair of gloves
MR       .....                  C - +0 pair of boots
Stlth    ++........             u - amulet of the Ancients {Reflect SH+3 SInv}
HPRegen  0.29/turn              K - ring "Luxzeo" {rElec rPois rC+ rCorr}
MPRegen  0.16/turn              o - +3 ring of protection

@: petrified
A: retaliatory headbutt, horns 2
a: Heroism, Finesse, Renounce Religion


You were on level 5 of the Lair of Beasts.
You worshipped Okawaru.
Okawaru was exalted by your worship.
You were near starving.

You visited 3 branches of the dungeon, and saw 18 of its levels.
You also visited: Ice Cave.

You collected 1120 gold pieces.
You spent 379 gold pieces at shops.

Inventory:

Hand Weapons
 A - a +4 hand axe of flaming
 E - a +6 broad axe of flaming (weapon)
 P - a +0 executioner's axe of freezing
Missiles
 b - 2 silver javelins (quivered)
 N - 2 throwing nets
Armour
 c - a +1 shield (worn)
 g - a scarf of resistance (worn)
 m - a +0 plate armour
 C - a +0 pair of boots (worn)
 D - the +7 leather armour of Derchoa (worn) {*Drain rElec rF+++ Stlth+}
   (You found it on level 5 of the Dungeon)

   It renders you almost immune to fire.
   It insulates you from electricity.
   It causes draining when unequipped.
   It makes you more stealthy.
   If you remove this armour, your AC will fall 12 points (17 -> 5)
 F - a +0 pair of gloves (worn)
 U - a +2 cloak
Jewellery
 o - a +3 ring of protection (right hand)
 u - the amulet of the Ancients (around neck) {Reflect SH+3 SInv}
   (You acquired it on level 2 of the Lair of Beasts)

   [amulet of reflection]

   It shields you and reflects attacks.
   It lets you see invisible.
   It affects your SH (+3).
 K - the ring "Luxzeo" (left hand) {rElec rPois rC+ rCorr}
   (You found it on level 1 of the Lair of Beasts)

   [ring of resist corrosion]

   It protects you from cold.
   It insulates you from electricity.
   It protects you from poison.
   It provides partial protection from all sources of acid and corrosion.
 O - an uncursed ring of fire
Wands
 j - a wand of random effects (15)
 w - a wand of paralysis (22)
 J - a wand of acid (20)
 M - a wand of digging (5)
 V - a wand of enslavement (10)
 X - a wand of iceblast (8)
 Z - a wand of flame (32)
Scrolls
 a - a scroll of summoning {unknown}
 e - 10 scrolls of identify
 h - 8 scrolls of fog
 i - 10 scrolls of teleportation
 r - 4 scrolls of magic mapping
 s - 15 scrolls of remove curse
 y - a scroll of fear
 G - 2 scrolls of blinking
 H - a scroll of holy word
 L - a scroll of enchant armour
 S - 2 scrolls of amnesia {unknown}
 W - 2 scrolls of vulnerability {unknown}
Potions
 d - 5 potions of might
 k - 12 potions of curing
 l - 6 potions of heal wounds
 n - 4 potions of flight {unknown}
 p - 3 potions of haste
 q - 4 potions of magic {unknown}
 t - 2 potions of resistance {unknown}
 v - a potion of lignification {unknown}
 x - 4 potions of agility
 z - 2 potions of brilliance {unknown}
 B - 2 potions of ambrosia {unknown}
 I - a potion of cancellation {unknown}
 Q - a potion of mutation {unknown}
 R - 2 potions of degeneration {unknown}
Comestibles
 f - 36 rations


   Skills:
 - Level 11.1 Fighting
 + Level 17.8 Axes
 * Level 9.9 Armour
 + Level 7.4 Dodging
 * Level 10.5 Shields
 - Level 10.2 Invocations


You had 12 spell levels left.
You didn't know any spells.
Your spell library contained the following spells:

 Spells                   Type           Power        Failure   Level  Hunger
 Animate Skeleton         Necr           N/A          71%         1    ##.....
 Apportation              Tloc           #.....       71%         1    ##.....
 Corona                   Hex            #......      71%         1    ##.....
 Foxfire                  Conj/Fire      #...         71%         1    ##.....
 Freeze                   Ice            #...         71%         1    ##.....
 Summon Small Mammal      Summ           #...         71%         1    ##.....
 Conjure Flame            Conj/Fire      #.......     97%         3    ####...
 Inner Flame              Hex/Fire       #.......     97%         3    ####...
 Mephitic Cloud           Conj/Pois/Air  #.......     97%         3    ####...
 Ozocubu's Armour         Chrm/Ice       #.......     97%         3    ####...
 Static Discharge         Conj/Air       #.......     97%         3    ####...
 Summon Guardian Golem    Hex/Summ       #.......     97%         3    ####...
 Hailstorm                Conj/Ice       #.......     100%        4    #####..
 Sticky Flame             Conj/Fire      #.......     100%        4    #####..
 Summon Ice Beast         Ice/Summ       #.......     100%        4    #####..
 Bolt of Magma            Conj/Fire/Erth #.........   100%        5    ######.
 Fireball                 Conj/Fire      #.........   100%        5    ######.
 Iskenderun's Battlesphe  Conj/Chrm      #.......     100%        5    ######.
 Silence                  Hex/Air        #.........   100%        5    ######.
 Invisibility             Hex            #.......     100%        6    #######
 Iron Shot                Conj/Erth      #.........   100%        6    #######
 Orb of Destruction       Conj           #.........   100%        7    #######
 Spellforged Servitor     Conj/Summ      #.........   100%        7    #######


Dungeon Overview and Level Annotations

Branches:
Dungeon (11/15)            Temple (1/1) D:5            Lair (6/6) D:9
  Swamp (0/4) Lair:3       Spider (0/4) Lair:2        Slime (0/5) Lair:5
    Orc (0/2) D:10          IceCv (visited)

Altars:
Ashenzari
Cheibriados
Dithmenos
Elyvilon
Fedhas
Gozag
Hepliaklqana
Kikubaaqudgha
Makhleb
Nemelex Xobeh
Okawaru
Qazlal
Ru
Sif Muna
Trog
Uskayaw
Wu Jian
Yredelemnul
Zin

Shops:
D:4 *   D:8 !   D:10 [   D:11 [

Annotations:
D:5 2 runed translucent doors, BeastOfSaturn's ghost, amateur HuWr
D:6 1 runed translucent door, Lemmiwinks's ghost, novice MfMo
D:9 2 runed translucent doors
Lair:4 3 runed translucent doors, Ugosudep's ghost, journeyman DsFE


Innate Abilities, Weirdness & Mutations

You reflexively headbutt those who attack you in melee.
You have a pair of horns on your head.


Message History

* * * LOW HITPOINT WARNING * * *
The seven-headed hydra bites you but does no damage. x2
The catoblepas breathes a plume of calcifying dust at you.
The blast of calcifying dust hits you but does no damage.
The seven-headed hydra bites you!
* * * LOW HITPOINT WARNING * * *
The seven-headed hydra bites you but does no damage. x3
The seven-headed hydra bites you!
* * * LOW HITPOINT WARNING * * *
The seven-headed hydra barely misses you.
The seven-headed hydra bites you!
* * * LOW HITPOINT WARNING * * *
You are engulfed in calcifying dust.
The catoblepas gores you but does no damage.
The seven-headed hydra bites you but does no damage. x4
The seven-headed hydra bites you!
* * * LOW HITPOINT WARNING * * *
The seven-headed hydra bites you but does no damage.
The seven-headed hydra bites you.
You die...

...## ##.#########.........#....
....# ######.####..............
....# #####.###.P................
....# #..#P......................
..#.###..........................
..##....................>........
.................................
.........#.#.#.#Y#.#^#.#.#.......
................@D...............
.........#.#.#.#§#.#.#.#.#.......
...##..#........§................
....##.#.#.#.#.#.#.#.#.#.#.......
....####.........................
....# #.#.#.#.#.#.#.#.#.#.......
....# #.#####.##.#..............
....# ###.#####.#...........##.P
....## ##...P..###...........####


You could see a catoblepas and a seven-headed hydra.

Vanquished Creatures
  Snorg (D:10)
  4 hydras
  Harold (D:8)
  Urug (D:11)
  2 two-headed ogres
  Nergalle (D:10)
  A necromancer (IceCv)
  2 wolf spiders (Lair:2)
  A manticore (D:11)
  A cyclops (D:11)
  5 ice statues (IceCv)
  Joseph (D:8)
  10 elephants
  2 black mambas
  A torpor snail (Lair:5)
  2 gargoyles (D:10)
  9 spiny frogs
  Maggie (D:7)
  5 komodo dragons
  8 ice devils (IceCv)
  3 trolls
  6 polar bears
  A slime creature (Lair:5)
  Grinder (D:4)
  9 hippogriffs
  2 dream sheep (D:8)
  7 blink frogs (Lair:4)
  A vampire (D:11)
  Eustachio (D:4)
  37 yaks
  A steam dragon (Lair:5)
  6 basilisks
  4 hungry ghosts (D:10)
  2 swamp worms (Lair:3)
  12 water moccasins
  13 porcupines
  A necrophage (D:6)
  3 ice beasts
  2 black bears (D:10)
  2 orc warriors
  A sky beast (D:11)
  3 phantoms
  2 eyes of draining
  An ogre (D:10)
  3 centaurs
  11 wolves
  3 big kobolds (D:8)
  8 crocodiles
  18 bullfrogs
  A water moccasin zombie (D:7)
  A wyvern skeleton (D:9)
  9 killer bees (D:9)
  5 scorpions
  8 wights
  4 troll zombies (D:10)
  6 electric eels
  A howler monkey (D:5)
  3 crimson imps
  3 bullfrog zombies
  A centaur zombie (D:5)
  2 draconian simulacra (IceCv)
  10 hounds
  5 jellies
  7 orc priests
  3 bullfrog skeletons
  2 iguanas
  8 orc wizards
  4 worker ants
  4 hell rats (Lair:3)
  3 troll simulacra (IceCv)
  A spriggan simulacrum (IceCv)
  A killer bee zombie (D:8)
  2 ogre zombies (D:10)
  A centaur simulacrum (IceCv)
  A hound zombie (D:6)
  A hound skeleton (D:7)
  2 worker ant zombies
  A howler monkey zombie (D:9)
  4 gnolls (D:6)
  A naga simulacrum (IceCv)
  2 ogre simulacra (IceCv)
  12 adders
  5 shadow imps
  An adder zombie (D:9)
  3 worms
  13 dart slugs
  5 leopard geckos
  35 orcs
  2 ball pythons
  4 bat zombies (D:7)
  9 giant cockroaches
  7 goblins
  9 hobgoblins
  7 quokkas
  8 bats
  6 frilled lizards
  A goblin skeleton (D:10)
  4 hobgoblin zombies (D:10)
  A jackal skeleton (D:6)
  A jackal zombie (D:6)
  9 kobolds
  A leopard gecko zombie (D:5)
  2 orc skeletons (D:10)
  12 orc zombies (D:10)
  A quokka skeleton (D:10)
  9 rats
  A rat zombie (D:7)
  A spectral orc (D:2)
  5 plants
504 creatures vanquished.

Vanquished Creatures (others)
  An adder zombie (D:9)
  3 fungi
  A plant (D:9)
5 creatures vanquished.

Grand Total: 509 creatures vanquished

Notes
Turn   | Place    | Note
-------+----------+-------------------------------------------
     0 | D:1      | ReteAZ the Minotaur Fighter began the quest for the Orb.
     0 | D:1      | Reached XP level 1. HP: 19/19 MP: 0/0
   108 | D:1      | Reached skill level 3 in Axes
   158 | D:1      | Reached XP level 2. HP: 17/26 MP: 1/1
   313 | D:1      | Found a shattered altar of Ashenzari.
   598 | D:1      | Reached skill level 4 in Axes
  1019 | D:2      | Reached XP level 3. HP: 33/33 MP: 2/2
  1058 | D:2      | Found an opulent altar of Gozag.
  1092 | D:2      | Found a hide-covered altar of Uskayaw.
  1393 | D:2      | Found a sparkling altar of Nemelex Xobeh.
  1548 | D:2      | Found a basalt altar of Yredelemnul.
  1609 | D:3      | Reached XP level 4. HP: 40/40 MP: 3/3
  2001 | D:3      | Reached skill level 5 in Axes
  2001 | D:3      | Reached XP level 5. HP: 27/47 MP: 4/4
  2024 | D:3      | HP: 1/47 [wight/+4 mace (8)]
  2032 | D:3      | Reached skill level 5 in Fighting
  2032 | D:3      | Reached skill level 5 in Armour
  2279 | D:4      | Found Enlufucw's General Store.
  2309 | D:4      | Reached XP level 6. HP: 53/56 MP: 5/5
  2325 | D:4      | Bought a scroll of identify for 22 gold pieces
  2325 | D:4      | Bought 2 potions of agility for 88 gold pieces
  2325 | D:4      | Bought a scroll of magic mapping for 38 gold pieces
  2325 | D:4      | Bought a scroll of teleportation for 33 gold pieces
  2481 | D:4      | Found a bloodstained altar of Trog.
  2550 | D:4      | Noticed Grinder
  2732 | D:4      | Found a burning altar of Makhleb.
  2792 | D:4      | Found an ornate altar of the Wu Jian Council.
  2838 | D:4      | Noticed Eustachio
  2859 | D:4      | Killed Eustachio
  2859 | D:4      | Reached skill level 6 in Axes
  3097 | D:4      | Paralysed by Grinder for 6 turns
  3114 | D:4      | Paralysed by Grinder for 3 turns
  3122 | D:4      | Killed Grinder
  3122 | D:4      | Reached XP level 7. HP: 9/64 MP: 6/6
  3509 | D:5      | Entered Level 5 of the Dungeon
  3509 | D:5      | Found a large runed translucent door.
  3509 | D:5      | Found a large runed translucent door.
  3509 | D:5      | Noticed BeastOfSaturn's ghost (amateur HuWr)
  3725 | D:5      | Reached skill level 7 in Axes
  3848 | D:5      | Got a distressingly furry leather armour
  3859 | D:5      | Identified the +7 leather armour of Derchoa {*Drain rElec
                  | rF+++ Stlth+} (You found it on level 5 of the Dungeon)
  4043 | D:5      | Found a staircase to the Ecumenical Temple.
  4128 | Temple   | Entered the Ecumenical Temple
  4138 | Temple   | Became a worshipper of Warmaster Okawaru
  4487 | D:6      | Reached XP level 8. HP: 55/73 MP: 7/7
  4521 | D:6      | Found a hazy altar of Hepliaklqana.
  4540 | D:6      | Reached skill level 1 in Dodging
  5088 | D:6      | Reached skill level 5 in Shields
  5207 | D:6      | Found a blossoming altar of Fedhas.
  5215 | D:6      | Reached * piety under Okawaru
  5336 | D:6      | Found a shattered altar of Ashenzari.
  5344 | D:6      | Found a runed translucent door.
  5344 | D:6      | Noticed a four-headed hydra
  5344 | D:6      | Noticed Lemmiwinks's ghost (novice MfMo)
  5357 | D:6      | Found a white marble altar of Elyvilon.
  5648 | D:7      | Noticed Maggie
  5664 | D:7      | Killed Maggie
  5664 | D:7      | Reached ** piety under Okawaru
  5664 | D:7      | Reached skill level 8 in Axes
  5664 | D:7      | Reached XP level 9. HP: 73/83 MP: 8/8
  5777 | D:7      | Found an ancient bone altar of Kikubaaqudgha.
  6028 | D:8      | Found Faacisic's Distillery.
  6036 | D:8      | Bought a potion of haste for 110 gold pieces
  6036 | D:8      | Bought a potion of agility for 44 gold pieces
  6036 | D:8      | Bought a potion of might for 44 gold pieces
  6164 | D:8      | Noticed Joseph
  6178 | D:8      | Killed Joseph
  6569 | D:8      | Reached skill level 10 in Fighting
  6604 | D:8      | Reached *** piety under Okawaru
  6604 | D:8      | Reached skill level 9 in Axes
  6605 | D:8      | Reached skill level 5 in Dodging
  6831 | D:8      | Noticed a two-headed hydra
  6841 | D:8      | Killed a one-headed hydra
  6841 | D:8      | Reached XP level 10. HP: 95/95 MP: 9/9
  6842 | D:8      | Reached **** piety under Okawaru
  7142 | D:8      | Found a snail-covered altar of Cheibriados.
  7245 | D:8      | Noticed Harold
  7254 | D:8      | Killed Harold
  7254 | D:8      | Received a gift from Okawaru
  7254 | D:8      | Reached skill level 1 in Invocations
  7301 | D:9      | Found a runed translucent door.
  7301 | D:9      | Found the +2 shield of Resistance {rF+ rC+ MR+}
  7301 | D:9      | Noticed a fire dragon
  7301 | D:9      | Noticed an ice dragon
  7301 | D:9      | Noticed a fire dragon
  7304 | D:9      | Noticed an ice dragon
  7308 | D:9      | Found a runed translucent door.
  7508 | D:9      | Reached skill level 10 in Axes
  7518 | D:9      | Found a shadowy altar of Dithmenos.
  7727 | D:9      | Found a staircase to the Lair.
  7833 | Lair:1   | Entered Level 1 of the Lair of Beasts
  8022 | Lair:1   | Got a fine marble ring
  8230 | Lair:1   | Identified the ring "Luxzeo" {rElec rPois rC+ rCorr} (You
                  | found it on level 1 of the Lair of Beasts)
  8341 | Lair:1   | Reached ***** piety under Okawaru
  8355 | Lair:1   | Noticed a spiny frog
  8362 | Lair:1   | Killed a spiny frog
  8362 | Lair:1   | Reached skill level 11 in Axes
  8362 | Lair:1   | Reached skill level 5 in Invocations
  8817 | Lair:1   | Noticed a black mamba
  8826 | Lair:1   | Killed a black mamba
  8826 | Lair:1   | Reached XP level 11. HP: 85/102 MP: 12/14
  9756 | Lair:1   | Reached skill level 12 in Axes
 10032 | Lair:1   | Noticed a seven-headed hydra
 10041 | Lair:1   | Killed a three-headed hydra
 10433 | D:9      | Received a gift from Okawaru
 10724 | D:9      | Found a bloodstained altar of Trog.
 11072 | D:10     | Entered Level 10 of the Dungeon
 11092 | D:10     | Reached skill level 13 in Axes
 11136 | D:10     | Noticed Nergalle
 11577 | D:10     | Noticed Snorg
 11597 | D:10     | Killed Snorg
 11842 | D:10     | Found a staircase to the Orcish Mines.
 11955 | D:10     | Killed Nergalle
 11955 | D:10     | Received a gift from Okawaru
 11955 | D:10     | Reached XP level 12. HP: 78/110 MP: 10/17
 12345 | D:10     | Found Koli's Armour Shoppe.
 12345 | D:10     | You fall into a shaft and drop 1 floor!
 12413 | D:11     | Reached skill level 14 in Axes
 12450 | D:11     | Noticed Urug
 12472 | D:11     | Killed Urug
 12655 | D:10     | Received a gift from Okawaru
 12655 | D:10     | Reached skill level 10 in Invocations
 12656 | D:10     | Noticed a two-headed ogre
 12663 | D:10     | Killed a two-headed ogre
 12760 | D:10     | Found a shimmering blue altar of Sif Muna.
 12895 | D:11     | Reached ****** piety under Okawaru
 13177 | D:11     | Found Foara's Antique Armour Emporium.
 13227 | D:11     | Found a stormy altar of Qazlal.
 13248 | D:11     | Noticed a two-headed ogre
 13260 | D:11     | Killed a two-headed ogre
 13993 | Lair:1   | Noticed a five-headed hydra
 14001 | Lair:1   | Killed a one-headed hydra
 14001 | Lair:1   | Reached skill level 15 in Axes
 14284 | Lair:2   | Identified a scroll of acquirement
 14284 | Lair:2   | Identified the +10 broad axe of Forced Transition {vorpal,
                  | Int+5 Dex+4} (You acquired it on level 2 of the Lair of
                  | Beasts)
 14284 | Lair:2   | Identified the amulet of the Ancients {Reflect SH+3 SInv}
                  | (You acquired it on level 2 of the Lair of Beasts)
 14456 | Lair:2   | Received a gift from Okawaru
 14572 | Lair:2   | Noticed a four-headed hydra
 14577 | Lair:2   | Killed a one-headed hydra
 14577 | Lair:2   | Reached skill level 16 in Axes
 14857 | Lair:2   | You fall into a shaft and drop 2 floors!
 15010 | Lair:4   | Reached XP level 13. HP: 115/116 MP: 19/19
 15172 | Lair:2   | Found a hole to the Spider Nest.
 15550 | Lair:3   | Reached skill level 17 in Axes
 15552 | Lair:3   | Received a gift from Okawaru
 15780 | Lair:3   | Found a staircase to the Swamp.
 16289 | Lair:4   | Identified Xiell's Handbook of Gliding Beguiling
 16406 | Lair:4   | Found a runed translucent gate.
 16406 | Lair:4   | Found a runed translucent gate.
 16418 | Lair:4   | Found a runed translucent gate.
 16508 | Lair:4   | Noticed Ugosudep's ghost (journeyman DsFE)
 16946 | Lair:4   | Received a gift from Okawaru
 17240 | Lair:5   | Found a frozen archway.
 17273 | IceCv    | Entered an ice cave
 17394 | IceCv    | Received a gift from Okawaru
 17394 | IceCv    | Reached skill level 10 in Shields
 17704 | IceCv    | Found the +8 autumn katana {vorpal, Clar}
 18012 | Lair:5   | Found a staircase to the Slime Pits.
 18852 | Lair:6   | Entered Level 6 of the Lair of Beasts
 18875 | Lair:5   | HP: 5/116 [seven-headed hydra (3)]
 18876 | Lair:5   | HP: 1/116 [seven-headed hydra (4)]
 18876 | Lair:5   | Slain by a seven-headed hydra

Levels and vault maps discovered:
D:1:      arrival_zaba_pyramid, layout_loops_ring, evilmike_ruin_ashenzari
D:2:      layout_loops_ring, eat_drink_and_be_merry_uskayaw,
          yredelemnul_forgotten_temple_becter,
          nemelex_xobeh_ov_fountains_minmay, overflow_temple_1_default,
          nicolae_underground_beach
D:3:      layout_rooms
D:4:      kennysheep_slugbush, layout_cave_pods, old_standard_altar,
          lemuel_coloured_pillars_altar, serial_shops, shop, trog_hazing_becter,
          uniq_eustachio, uniq_grinder
D:5:      layout_basic, lemuel_temple_firewalk_a, first_ration,
          ebering_ghost_disaster_area
D:6:      layout_loops_ring, kennysheep_little_box, lemuel_round_altar,
          kennysheep_mini, basic_altar, ebering_ghost_inner_flame,
          serial_bayou_pond_c
D:7:      layout_gridville, lemuel_zombie_altar_kikubaaqudgha, uniq_maggie
D:8:      layout_loops_ring, lemuel_round_altar, serial_shops,
          nicolae_shop_trees, hangedman_ranch [blue_anna_fruit_fields],
          uniq_harold, uniq_joseph
D:9:      layout_rooms, tgw_trog, old_standard_altar, erik_lair_island,
          chequers_big_river, hangedman_decor_opposing, minivault_25,
          minmay_guarded_unrand_resistance
D:10:     layout_loops_ring, zombieorc1_lemuel, serial_shops, shop_fountains,
          basic_altar, uniq_nergalle, uniq_snorg
D:11:     layout_cave_pods, serial_shops, nicolae_shop_behind_doors,
          serial_rivers, chequers_serial_rivers_room_b,
          chequers_serial_rivers_micro_a, chequers_serial_rivers_micro_e,
          chequers_serial_rivers_micro_b, chequers_serial_rivers_micro_b,
          chequers_serial_rivers_room_a, nicolae_qazlal_eye_of_the_storm,
          uniq_urug
Temple:   dpeg_three_leaves_temple
Lair:1:   layout_regular_city, minmay_shattered_shrine, serial_bayou_shore_a,
          grunt_megastairs_5, infiniplex_staircase_pool
Lair:2:   layout_gridlike, spider_nest_entry_funnel_web, lemuel_fruit_tree
Lair:3:   layout_cave_pods, minmay_swamp_entry_worms, cheibrodos_lair_lostbears,
          serial_bayou_shore_b
Lair:4:   layout_layer_cave, gammafunk_ghost_necromancy,
          kennysheep_basilisk_garden, grunt_megastairs_4
Lair:5:   layout_hall_layers, minmay_slime_entry_pillars,
          portal_ice_cave_entry_pillars_2, st_stairs_12,
          chequers_serial_rivers_micro_d, guppyfry_lair_drakes
Lair:6:   due_jungle_book, layout_long_grid, gammafunk_ghost_abyssal_escape

Skill      XL: |  1  2  3  4  5  6  7  8  9 10 11 12 13 |
---------------+----------------------------------------+-----
Axes           | 3 4 5 6 7 8 9 11 13 16 17 | 17.8
Fighting       | 4 5 6 7 9 11 | 11.1
Armour         | 4 5 6 7 9 |  9.9
Shields        | 4 5 7 8 10 | 10.5
Dodging        | 3 5 6 7 |  7.4
Invocations    | 5 9 10 | 10.2

Action                   |  1- 3 |  4- 6 |  7- 9 | 10-12 | 13-15 || total
-------------------------+-------+-------+-------+-------+-------++-------
Melee: War axe           |    58 |       |       |       |       ||    58
       Headbutt          |     6 |    35 |    63 |   139 |    80 ||   323
       Whip              |    56 |   192 |   280 |       |       ||   528
       Hand axe          |       |       |    35 |   564 |       ||   599
       Broad axe         |       |       |       |   132 |   329 ||   461
Throw: Throwing net      |       |       |     1 |       |       ||     1
       Javelin           |       |       |       |     7 |       ||     7
Invok: Heroism           |       |       |       |     4 |       ||     4
       Finesse           |       |       |       |     3 |       ||     3
  Use: Potion            |       |     4 |     1 |       |       ||     5
       Scroll            |       |       |       |    12 |       ||    12
 Stab: Sleeping          |       |       |     4 |     8 |    10 ||    22
       Held in net/web   |       |       |     1 |       |       ||     1
       Distracted        |       |       |     1 |     1 |     1 ||     3
  Eat: Chunk             |     2 |     5 |    13 |    27 |    11 ||    58
Armor: Scale mail        |    11 |       |       |       |       ||    11
       Plate armour      |    47 |   116 |    24 |       |       ||   187
       Leather armour    |       |       |    65 |   132 |   102 ||   299
Dodge: Dodged            |    30 |    29 |    88 |   240 |    82 ||   469
Block: Shield            |    53 |    67 |   140 |   317 |   163 ||   740
       Reflection        |       |       |       |       |     2 ||     2

Table legend:
 A = Non-vault XP
 B = Vault XP
 C = Vault XP percentage of total XP
 D = Non-vault monster count
 E = Vault monster count
 F = Vault count percentage of total count
                 A         B        C        D         E       F
            +---------+---------+-------+---------+---------+-------
      Total |   39358 |   24394 |  38.3 |     360 |     140 |  28.0
            +---------+---------+-------+---------+---------+-------
        D:1 |      29 |       0 |   0.0 |      17 |       0 |   0.0
        D:2 |      66 |       1 |   1.5 |      23 |       1 |   4.2
        D:3 |     239 |       0 |   0.0 |      18 |       0 |   0.0
        D:4 |     128 |     524 |  80.4 |       8 |      19 |  70.4
        D:5 |     359 |       0 |   0.0 |      18 |       0 |   0.0
        D:6 |    1078 |       0 |   0.0 |      26 |       0 |   0.0
        D:7 |     306 |     385 |  55.7 |       8 |       6 |  42.9
        D:8 |     750 |    3627 |  82.9 |      23 |      10 |  30.3
        D:9 |    2180 |     646 |  22.9 |      39 |      12 |  23.5
       D:10 |    4337 |    2784 |  39.1 |      33 |      31 |  48.4
       D:11 |    4148 |     855 |  17.1 |      29 |       1 |   3.3
     Lair:1 |    4459 |    3977 |  47.1 |      26 |      11 |  29.7
     Lair:2 |    5739 |    1115 |  16.3 |      21 |       2 |   8.7
     Lair:3 |    3385 |    1475 |  30.3 |      21 |       6 |  22.2
     Lair:4 |    5401 |    1611 |  23.0 |      26 |       8 |  23.5
     Lair:5 |    6435 |    1621 |  20.1 |      23 |       9 |  28.1
     Lair:6 |     319 |       0 |   0.0 |       1 |       0 |   0.0
      IceCv |       0 |    5773 | 100.0 |       0 |      24 | 100.0
            +---------+---------+-------+---------+---------+-------
